 Dungeon Crawl Stone Soup version 0.28-a0-750-g7c675f85b1 (console) character file.

Game seed: 15182476718064154024

172 petzl the Vexing (level 5, -1/51 HPs)
             Began as an Octopode Arcane Marksman on Oct 29, 2021.
             Succumbed to a scorpion's poison
             ... on level 4 of the Dungeon.
             The game lasted 00:09:26 (3316 turns).

petzl the Vexing (Octopode Arcane Marksman)         Turns: 3316, Time: 00:09:26

Health: -1/51      AC:  1    Str: 10    XL:     5   Next: 53%
Magic:  5/9        EV: 13    Int: 16    God:
Gold:   84         SH:  0    Dex: 12    Spells: 8/9 levels left

rFire   . . .      SeeInvis .   b - +0 dagger (venom) {!f =f}
rCold   . . .      Faith    .   (no shield)
rNeg    . . .      Spirit   .   (helmet restricted)
rPois   .          Reflect  .   (no amulet)
rElec   .          Harm     .   (no ring)
rCorr   .          Rampage  .   (no ring)
Will    .....                   (no ring)
Stlth   ..........              (no ring)
HPRegen 0.17/turn               (no ring)
MPRegen 0.11/turn               (no ring)
                                (no ring)
                                (no ring)

@: berserking, lethally poisoned (-1 -> -15), very quick
A: almost no armour, amphibious, 8 rings, camouflage 1, gelatinous body 1,
(nimble swimmer 1), tentacles
a: no special abilities


You were on level 4 of the Dungeon.
You visited 1 branch of the dungeon, and saw 4 of its levels.

You collected 84 gold pieces.

Inventory:

Hand Weapons
 a - a +0 hand crossbow
 b - a +0 dagger of venom (weapon) {!f =f}
 u - a +0 trident
Missiles
 c - 41 bolts
 j - 20 poisoned darts (quivered)
 n - 5 boomerangs
Armour
 p - a +0 tower shield
Jewellery
 d - an amulet of reflection
 r - a +6 ring of dexterity
Scrolls
 m - a scroll of torment {unknown}
 o - a scroll of vulnerability {unknown}
 q - a scroll of magic mapping {unknown}
Potions
 e - a potion of ambrosia {unknown}
 f - a potion of lignification {unknown}
 g - a potion of attraction {unknown}
 i - a potion of curing {unknown}
 l - a potion of brilliance {unknown}
 s - a potion of cancellation {unknown}
 t - a potion of flight {unknown}


   Skills:
 + Level 2.0 Fighting
 + Level 2.6 Crossbows
 + Level 2.6 Dodging
 + Level 2.5 Stealth
 * Level 2.8 Spellcasting
 + Level 3.5 Hexes


You had 8 spell levels left.
You knew the following spells:

 Your Spells              Type           Power      Damage    Failure   Level
a - Slow                  Hex            52%        N/A       4%          1

Your spell library contained the following spells:

 Spells                   Type           Power      Damage    Failure   Level
 Inner Flame              Hex/Fire       7%         N/A       28%         3
 Portal Projectile        Hex/Tloc       14%        N/A       28%         3
 Cause Fear               Hex            6%         N/A       41%         4
 Discord                  Hex            6%         N/A       100%        8


Dungeon Overview and Level Annotations

Branches:
Dungeon (4/15)
 Temple: D:4-7

Altars:

Annotations:
D:4 exclusion: scorpion


Innate Abilities, Weirdness & Mutations

You cannot wear most types of armour.
You are amphibious.
You can wear up to eight rings at the same time.
Your skin changes colour to match your surroundings (Stealth+).
Your rubbery body absorbs attacks. (AC +1, EV +1)
((You are camouflaged near water. (Stealth+)))
You have tentacles for arms and can constrict up to eight enemies at once.


Message History

Aiming: Slow (safe; 4% risk of failure)
Press: ? - help, Shift-Dir - straight line, f/p - scorpion
Aim: a scorpion (lightly wounded, constricted by you, chance to affect: 49%)
The scorpion seems to slow down.
You constrict the scorpion, but do no damage.
You feel sick. The scorpion stings you!
* * * LOW HITPOINT WARNING * * *
You are lethally poisoned!
The scorpion poisons you!
You feel much better.
You constrict the scorpion.
You feel very sick.
You completely miss the scorpion. You squeeze the scorpion.
The scorpion is moderately wounded.
You constrict the scorpion.
You feel very sick. The scorpion closely misses you.
You hit the scorpion.
The scorpion is heavily wounded.
You constrict the scorpion.
You feel sick. The scorpion stings you!
You are lethally poisoned!
The scorpion poisons you!
It was a potion of berserk rage.
A red film seems to cover your vision as you go berserk!
You feel yourself moving faster!
You feel mighty!
You constrict the scorpion.
* * * LOW HITPOINT WARNING * * *
You feel very sick. The scorpion stings you.
* * * LOW HITPOINT WARNING * * *
You are too berserk!
You puncture the scorpion!
You kill the scorpion!
* * * LOW HITPOINT WARNING * * *
You feel very sick.
Your Fighting skill increases to level 2!
You have reached level 5!
You feel stronger.
You hit the ball python.
The ball python is poisoned.
You grab the ball python. You squeeze the ball python.
You kill the ball python!
You die...

#≈≈### #≈≈≈≈# ##### ##### #≈##≈#
########### #...# ....## ###≈≈#
##.........# #...# . .....#####≈≈≈#
#..........#######...# . .≈..≈≈≈.#≈≈≈≈#
#....................# . ≈≈≈≈≈≈≈≈≈≈≈≈≈#
####################...# .
≈≈≈≈≈≈≈≈≈≈≈≈≈##...# ≈.≈ ...≈P≈.≈. #...# .
≈≈≈≈≈≈≈≈≈≈≈≈≈##...###.≈≈≈.≈≈≈≈≈≈###...## .
≈.≈≈≈≈≈≈≈≈≈≈.##...#################....###.
......≈≈≈.≈.###.......# #######.##........
###...................# #...s.#.##........
####.#................# #.###.#)##........
..#.........†........####.###...Ss........
##.###..................S..†.....#####.....
...##########.#.#####.########...# #.....
#.....)......#.###.#.#P## ...... ......
.#.############.##≈.#.#≈.#####...## ###....
.....##########.#.≈b#@#≈≈P# #.#.. #.##
.#.#.##.........#≈.b#.##### ...... ..
.#.#.<.......##.#.≈l#.......##.....
#.#.........####≈≈.######### ..#.........#
#.≈≈≈bbb≈.# ..#...##.##....##≈≈..≈..##
...#...##.#########.....##
.#.######.......# ###### .....s...
###....... ####.# ....... #....# .......
#####....# ....... #........## .......
..........# ..........## ...........#.
#....<...#. #..####.##. # .#


You could see 5 bats and a frilled lizard.

Vanquished Creatures
  A scorpion (D:4)
  An iguana (D:4)
  An adder (D:4)
  4 worms
  4 dart slugs
  2 orcs
  4 ball pythons
  2 endoplasms
  3 giant cockroaches (D:2)
  6 goblins
  5 hobgoblins
  8 jackals
  2 quokkas
  4 frilled lizards
  3 kobolds
  5 rats
55 creatures vanquished.

Vanquished Creatures (others)
  20 fungi (D:4)
20 creatures vanquished.

Grand Total: 75 creatures vanquished

Notes
Turn   | Place    | Note
-------+----------+-------------------------------------------
     0 | D:1      | petzl the Octopode Arcane Marksman began the quest for the
                  | Orb.
     0 | D:1      | Reached XP level 1. HP: 13/13 MP: 2/2
   316 | D:1      | Reached XP level 2. HP: 18/18 MP: 3/3
  1114 | D:1      | Reached skill level 1 in Stealth
  1202 | D:1      | Reached XP level 3. HP: 23/23 MP: 5/5
  2269 | D:3      | Found a faded altar of an unknown god.
  2277 | D:3      | Reached XP level 4. HP: 26/28 MP: 7/7
  3036 | D:4      | Noticed a scorpion
  3271 | D:4      | Noticed a scorpion
  3315 | D:4      | Killed a scorpion
  3315 | D:4      | HP: 1/43 [poisoned by a scorpion]
  3316 | D:4      | Reached XP level 5. HP: 1/34 MP: 5/9
  3316 | D:4      | Succumbed to a scorpion's poison

Illustrated notes

Levels and vault maps discovered:
D:1:      dpeg_arrival_more_subterranean_lakeside_camping, layout_loops_corners
D:2:      layout_basic
D:3:      layout_rooms, basic_ecumenical_altar
D:4:      layout_basic, okawaru_trees_2, serial_aquarium, aquarium_bridge_square
          [aquarium_subvault_wall, aquarium_subvault_bridge,
          aquarium_subvault_bridge, aquarium_subvault_wall],
          aquarium_bridge_square [aquarium_subvault_bridge,
          aquarium_subvault_window, aquarium_subvault_window,
          aquarium_subvault_window], aquarium_window_1, aquarium_window_3,
          aquarium_window_1, aquarium_window_1, aquarium_view_2f,
          aquarium_balcony_5b, minivault_14, hangedman_abyss_or_decor_stabs,
          chequers_serial_rivers_large_a

Skill      XL: |  1  2  3  4 |
---------------+-------------+-----
Stealth        | 1 2 |  2.5
Spellcasting   | 2 |  2.8
Fighting       | 2 |  2.0
Crossbows      | |  2.6
Dodging        | |  2.6
Hexes          | |  3.5

Action                   |  1- 3 |  4- 6 || total
-------------------------+-------+-------++-------
Melee: Dagger            |    14 |    37 ||    51
       Constrict         |    13 |    14 ||    27
       Short sword       |    36 |       ||    36
       Tentacles         |    10 |    12 ||    22
 Fire: Hand crossbow     |    55 |     5 ||    60
Throw: Dart              |       |     1 ||     1
 Cast: Slow              |       |     2 ||     2
  Use: Potion            |       |     4 ||     4
 Stab: Sleeping          |    10 |     3 ||    13
Armor: Skin              |     1 |     3 ||     4
Dodge: Dodged            |    43 |    24 ||    67

Table legend: (Time is in decaauts)
 A = Elapsed time spent in this place.
 B = Non-inter-level travel time spent in this place.
 C = Inter-level travel time spent in this place.
 D = Time resting spent in this place.
 E = Time spent auto-exploring this place.
 F = Levels seen in this place.
 G = Mean time per level.
                   A        B        C        D        E       F      G
               +--------+--------+--------+--------+--------+-----+--------+
         Total |   3340 |   3210 |    130 |    775 |   1540 |   4 |  835.0 |
       Dungeon |   3340 |   3210 |    130 |    775 |   1540 |   4 |  835.0 |
               +--------+--------+--------+--------+--------+-----+--------+

Top non-repeatable levels by time:
     D:1: 1296 daAuts
     D:2: 916 daAuts
     D:4: 602 daAuts
     D:3: 524 daAuts
